Map: Jagannatha LE

Players

goblin

  • Race: Protoss Protoss
  • League: Master

Reynor - Winner!

  • Race: Zerg Zerg

Event: DreamHack SC2 Masters 2021 Summer

VOD

Have the link to the VOD?

Description

Time

  • Played on: May 26, 2021, 11:01 a.m.
  • Length: 26:09

All games in this series

Show
View Real Time Build Order
Export as new Build Order

goblin Protoss 

Build Orders: Carriers 

Get SALT Encoding   

  12  0:00  Probe  
  13  0:12  Probe  
  14  0:17  Pylon  
  14  0:24  Probe (Chrono Boost)  
  15  0:36  Probe (Chrono Boost)  
  15  0:38  Gateway  
  16  0:45  Probe (Chrono Boost)  
  16  0:47  Assimilator  
  17  0:50  Probe  
  18  1:03  Probe  
  19  1:11  Forge  
  19  1:15  Probe  
  20  1:28  Pylon  
  20  1:30  Probe  
  21  1:33  Pylon  
  21  1:36  Pylon  
  21  1:46  Photon Cannon  
  21  1:49  Pylon  
  21  1:56  Photon Cannon  
  21  2:07  Photon Cannon  
  21  2:09  Pylon  
  21  2:20  Cybernetics Core  
  21  2:21  Zealot  
  22  2:24  Probe (Chrono Boost), Assimilator  
  23  2:35  Probe (Chrono Boost)  
  24  2:40  Probe (Chrono Boost)  
  25  2:50  Nexus  
  25  2:58  Pylon  
  25  3:07  Stargate  
  25  3:14  Stalker (Chrono Boost)  
  25  3:17  Probe (Chrono Boost)  
  28  3:26  Probe (Chrono Boost)  
  29  3:28  Shield Battery  
  29  3:36  Probe, Pylon  
  31  3:48  Void Ray  
  31  3:52  Protoss Air Weapons Level 1  
  31  3:54  Probe (Chrono Boost)  
  35  4:02  Probe (Chrono Boost)  
  36  4:09  Stargate  
  37  4:11  Probe (Chrono Boost)  
  37  4:12  Probe (Chrono Boost)  
  38  4:17  Assimilator  
  38  4:18  Probe (Chrono Boost)  
  38  4:19  Probe (Chrono Boost)  
  40  4:24  Assimilator  
  40  4:30  Probe (Chrono Boost)  
  42  4:34  Probe (Chrono Boost)  
  42  4:36  Probe (Chrono Boost)  
  42  4:37  Void Ray  
  43  4:41  Probe  
  43  4:45  Probe  
  49  4:48  Pylon  
  49  4:50  Void Ray  
  54  5:00  Probe (Chrono Boost)  
  54  5:06  Probe (Chrono Boost)  
  56  5:16  Probe x2 (Chrono Boost), Pylon  
  56  5:21  Probe (Chrono Boost)  
  57  5:22  Probe  
  59  5:32  Probe, Void Ray (Chrono Boost)  
  64  5:37  Pylon  
  64  5:38  Phoenix (Chrono Boost)  
  66  5:46  Warp Gate  
  68  5:51  Nexus  
  68  5:55  Probe x2  
  70  6:06  Void Ray (Chrono Boost)  
  70  6:07  Probe  
  70  6:11  Void Ray (Chrono Boost)  
  71  6:16  Pylon  
  71  6:17  Pylon  
  74  6:20  Pylon  
  74  6:22  Shield Battery  
  74  6:26  Fleet Beacon  
  74  6:36  Void Ray (Chrono Boost)  
  78  6:59  Nexus  
  78  7:00  Pylon  
  78  7:10  Carrier (Chrono Boost), Flux Vanes  
  84  7:16  Carrier (Chrono Boost)  
  84  7:18  Probe x2  
  84  7:22  Pylon  
  92  7:31  Nexus  
  92  7:37  Probe  
  92  7:46  Protoss Air Weapons Level 2  
  92  7:48  Nexus  
  92  7:49  Pylon  
  92  8:05  Tempest (Chrono Boost)  
  92  8:10  Tempest (Chrono Boost), Pylon  
  97  8:15  Pylon  
  102  8:24  Nexus  
  102  8:26  Shield Battery  
  102  8:30  Pylon x2  
  102  8:33  Zealot  
  104  8:40  Carrier (Chrono Boost)  
  104  8:45  Carrier (Chrono Boost)  
  116  8:52  Probe x2  
  118  8:56  Assimilator x2  
  118  8:58  Pylon  
  118  9:12  Robotics Facility  
  118  9:19  Probe x2  
  118  9:23  Photon Cannon  
  120  9:26  Photon Cannon  
  120  9:27  Shield Battery  
  120  9:36  Probe  
  120  9:37  Probe x2  
  123  9:48  Probe  
  123  9:49  Probe, Carrier (Chrono Boost)  
  123  9:51  Carrier (Chrono Boost)  
  131  9:57  Probe  
  138  10:00  Observer  
  139  10:14  Probe x2  
  139  10:16  Pylon, Protoss Air Weapons Level 3 (Chrono Boost)  
  141  10:22  Observer, Zealot  
  142  10:42  Photon Cannon  
  142  10:43  Nexus  
  142  10:44  Pylon  
  142  10:45  Pylon, Zealot  
  142  10:47  Photon Cannon  
  144  10:53  Pylon  
  144  11:05  Carrier (Chrono Boost)  
  144  11:07  Carrier (Chrono Boost)  
  156  11:16  Protoss Shields Level 1  
  156  11:17  Probe x2  
  156  11:18  Probe  
  159  11:29  Probe  
  159  11:31  Twilight Council  
  159  11:32  Gateway x2  
  160  11:34  Gateway  
  160  11:44  Assimilator  
  160  11:45  Assimilator  
  160  11:59  Probe x2  
  160  12:00  Probe x2  
  160  12:01  Tempest (Chrono Boost)  
  164  12:02  Tempest (Chrono Boost)  
  174  12:13  Photon Cannon, Shield Battery  
  174  12:14  Templar Archives  
  174  12:15  Charge  
  174  12:16  Photon Cannon  
  174  12:19  Probe x3  
  174  12:20  Probe  
  178  12:33  Protoss Air Armor Level 1 (Chrono Boost)  
  178  12:40  Tempest x2 (Chrono Boost)  
  188  12:49  Stargate  
  188  12:50  Stargate  
  188  12:52  Photon Cannon  
  188  12:58  Mothership  
  196  13:10  Void Ray  
  200  13:24  Nexus, Protoss Shields Level 2 (Chrono Boost)  
  200  13:26  Pylon  
  200  13:28  Pylon  
  200  13:32  Psionic Storm  
  185  14:00  Probe x3  
  183  14:10  Carrier (Chrono Boost)  
  183  14:11  Carrier (Chrono Boost)  
  183  14:12  Probe  
  196  14:18  Void Ray (Chrono Boost)  
  196  14:23  Protoss Air Armor Level 2  
  183  14:35  Pylon  
  183  14:38  High Templar  
  183  14:42  Photon Cannon  
  183  14:44  Pylon  
  185  14:45  Photon Cannon  
  185  14:49  Shield Battery  
  185  14:53  Pylon  
  185  14:55  Void Ray (Chrono Boost)  
  185  14:56  Void Ray (Chrono Boost)  
  185  14:58  Void Ray (Chrono Boost)  
  185  15:04  Void Ray (Chrono Boost)  
  197  15:07  Observer  
  200  15:24  Photon Cannon  
  200  15:43  Photon Cannon  
  197  16:05  Oracle (Chrono Boost)  
  193  16:21  Pylon x2  
  189  16:43  Void Ray x2  
  189  16:44  Void Ray  
  158  18:36  Void Ray  
  154  18:42  Phoenix  
Show
View Real Time Build Order
Export as new Build Order

Reynor Zerg - Winner!

Build Orders: Hatch First 

Get SALT Encoding   

  12  0:00  Drone  
  13  0:12  Overlord  
  13  0:17  Drone  
  14  0:30  Drone x2  
  16  0:48  Hatchery  
  15  0:52  Drone  
  15  0:55  Drone  
  17  0:59  Drone  
  18  1:10  Extractor  
  17  1:15  Spawning Pool  
  17  1:17  Drone  
  17  1:21  Drone  
  18  1:27  Drone  
  20  2:02  Zergling x8  
  24  2:14  Zergling x4  
  26  2:19  Spine Crawler  
  25  2:29  Drone  
  24  2:33  Drone  
  24  2:34  Drone  
  24  2:36  Drone  
  26  2:43  Overlord  
  26  2:45  Drone  
  27  2:54  Drone  
  28  3:01  Queen  
  28  3:03  Drone  
  28  3:04  Queen  
  33  3:10  Overlord  
  33  3:23  Hatchery  
  32  3:27  Drone  
  32  3:28  Drone  
  32  3:30  Drone  
  32  3:31  Extractor  
  32  3:33  Drone  
  35  3:34  Drone  
  35  3:37  Drone  
  35  3:39  Drone  
  38  3:44  Queen  
  40  3:49  Overlord  
  40  3:51  Drone  
  41  3:58  Drone  
  41  4:01  Drone  
  43  4:10  Drone x2  
  43  4:11  Queen  
  43  4:12  Overlord  
  43  4:15  Zergling x2  
  48  4:19  Drone  
  48  4:20  Queen  
  48  4:22  Drone  
  52  4:29  Overlord  
  53  4:31  Drone  
  53  4:32  Metabolic Boost  
  53  4:35  Overlord  
  53  4:37  Drone  
  54  4:41  Drone x3  
  54  4:42  Drone  
  58  4:47  Queen  
  58  4:50  Drone x2  
  58  4:52  Overlord  
  62  4:55  Queen  
  62  4:57  Drone  
  62  4:58  Drone  
  66  5:00  Drone  
  66  5:01  Drone  
  66  5:04  Zergling x2  
  69  5:07  Zergling x2  
  69  5:09  Pneumatized Carapace  
  69  5:11  Drone x2  
  69  5:12  Spore Crawler  
  71  5:18  Zergling x2, Spore Crawler  
  71  5:20  Overlord  
  71  5:26  Zergling x10  
  71  5:27  Zergling x4  
  71  5:28  Overlord  
  78  5:34  Queen  
  78  5:35  Queen  
  81  5:38  Drone x3  
  81  5:41  Overlord  
  84  5:43  Drone x2  
  84  5:48  Drone  
  87  5:50  Drone  
  87  5:52  Queen  
  87  5:53  Drone  
  87  5:54  Extractor  
  87  5:55  Extractor  
  87  5:56  Overlord  
  89  6:00  Roach Warren  
  89  6:01  Drone x3  
  89  6:03  Overlord  
  91  6:09  Overlord  
  91  6:14  Drone x2, Lair  
  91  6:15  Extractor, Queen  
  91  6:18  Zergling x4, Evolution Chamber  
  95  6:22  Overlord  
  95  6:25  Drone x2  
  96  6:30  Queen  
  96  6:31  Drone x3  
  101  6:37  Zergling x12  
  101  6:38  Overlord  
  107  6:40  Drone x3  
  110  6:47  Overlord  
  110  6:50  Queen  
  110  6:52  Overlord  
  112  6:56  Zerg Melee Weapons Level 1  
  112  7:00  Drone x4  
  116  7:03  Extractor  
  116  7:04  Extractor  
  116  7:05  Queen, Zergling x4  
  116  7:06  Zergling x10  
  123  7:09  Spore Crawler  
  123  7:14  Infestation Pit  
  120  7:15  Evolution Chamber  
  120  7:18  Zergling x6  
  120  7:19  Drone x2  
  120  7:20  Queen  
  121  7:31  Overlord  
  118  7:38  Hatchery, Zergling x16  
  118  7:43  Zerg Ground Armor Level 1  
  124  7:45  Overlord  
  124  7:47  Queen  
  126  7:54  Queen  
  126  7:57  Overlord  
  128  8:02  Drone x3  
  128  8:03  Drone x7  
  131  8:08  Hive  
  127  8:16  Drone x3  
  127  8:19  Zergling x8  
  133  8:22  Queen, Baneling Nest  
  134  8:28  Infestor x2, Overlord  
  134  8:31  Queen  
  140  8:35  Drone x4  
  140  8:36  Drone  
  145  8:44  Overlord  
  145  8:48  Spore Crawler  
  143  8:50  Spore Crawler  
  143  8:51  Spore Crawler  
  143  8:53  Infestor  
  141  9:08  Drone x4  
  145  9:10  Extractor x2  
  145  9:11  Hatchery  
  145  9:14  Queen  
  145  9:17  Zergling x12  
  146  9:22  Ultralisk Cavern  
  146  9:23  Queen x2, Adrenal Glands  
  153  9:25  Pathogen Glands  
  153  9:27  Overlord  
  153  9:33  Drone  
  153  9:34  Drone  
  153  9:37  Spore Crawler, Overlord  
  153  9:40  Zerg Ground Armor Level 2  
  153  9:42  Zerg Melee Weapons Level 2  
  153  9:51  Drone  
  153  9:52  Queen  
  156  9:58  Spire  
  154  10:13  Chitinous Plating  
  154  10:16  Drone x4  
  158  10:26  Ultralisk x3  
  158  10:28  Infestor x3  
  175  10:30  Hatchery  
  175  10:32  Drone x2  
  175  10:34  Queen  
  184  10:38  Drone  
  184  10:42  Spire  
  182  10:51  Drone x7  
  182  10:56  Zergling x16  
  196  11:04  Neural Parasite  
  196  11:08  Infestor  
  198  11:24  Queen  
  198  11:25  Zerg Flyer Weapons Level 1  
  199  11:46  Anabolic Synthesis  
  199  11:50  Extractor, Spore Crawler  
  199  11:51  Extractor  
  196  11:54  Baneling x7  
  196  11:55  Baneling  
  196  12:03  Drone x3  
  199  12:13  Drone  
  199  12:14  Spore Crawler  
  199  12:15  Spore Crawler x2  
  197  12:16  Spore Crawler x2  
  197  12:17  Spore Crawler x5  
  197  12:18  Spore Crawler  
  197  12:19  Spore Crawler x4  
  185  12:24  Baneling x7, Centrifical Hooks  
  185  12:25  Zerg Melee Weapons Level 3, Zerg Ground Armor Level 3  
  185  12:36  Burrow  
  184  12:44  Drone x6  
  184  12:45  Drone  
  184  12:48  Drone x5  
  184  12:49  Spore Crawler x2, Viper x2  
  184  12:50  Spore Crawler x2  
  184  12:51  Spore Crawler  
  197  12:53  Spore Crawler  
  197  12:56  Zerg Flyer Armor Level 1  
  196  12:59  Drone x2  
  197  13:13  Drone x2  
  199  13:32  Drone  
  200  13:37  Zerg Flyer Weapons Level 2  
  200  13:47  Zergling x2  
  200  13:48  Zergling x4  
  186  13:59  Zergling x2, Ultralisk  
  186  14:00  Zergling x14  
  186  14:01  Baneling x4  
  186  14:02  Baneling x13  
  198  14:04  Zergling x2  
  198  14:05  Zergling x2  
  191  14:40  Spore Crawler  
  191  14:41  Spore Crawler  
  191  14:42  Spore Crawler  
  182  14:53  Corruptor  
  182  14:54  Corruptor x7  
  182  14:57  Drone  
  182  14:59  Spore Crawler x2  
  197  15:11  Drone x2  
  199  15:23  Baneling  
  199  15:24  Hatchery, Baneling x7  
  198  15:43  Baneling x5  
  198  15:54  Hatchery  
  195  16:03  Corruptor x3  
  199  16:09  Overseer x3  
  195  16:21  Corruptor x2  
  195  16:24  Infestor x7  
  199  16:27  Spore Crawler  
  199  16:28  Spore Crawler x2  
  199  16:29  Spore Crawler  
  199  16:30  Spore Crawler  
  194  16:36  Spore Crawler  
  194  16:37  Spore Crawler, Corruptor  
  194  16:38  Corruptor x7  
  197  16:52  Corruptor  
  180  17:13  Viper x4  
  180  17:14  Corruptor x9  
  198  17:24  Corruptor x2  
  198  17:25  Corruptor  
  198  17:28  Spawning Pool  
  191  17:35  Overlord x3  
  191  17:36  Overlord x2  
  187  17:40  Overlord  
  187  17:41  Overlord x3  
  184  17:51  Overlord  
  165  18:06  Overlord x4  
  165  18:07  Overlord  
  152  18:33  Queen, Zergling x20  
  142  18:41  Baneling  
  124  18:47  Zergling x6  
  121  18:49  Lair  
  121  18:51  Spore Crawler  
  121  18:52  Spore Crawler  
  121  18:53  Spore Crawler  
  121  18:55  Spore Crawler  
  99  19:11  Zergling x6  
  99  19:12  Zergling x2  
  99  19:16  Queen  
  89  19:24  Zergling x6  
  89  19:27  Zergling x2  
  86  19:32  Roach x3  
  86  19:39  Roach x2  
  86  19:48  Spire  
  86  19:50  Spore Crawler  
  86  19:51  Spore Crawler  
  86  19:52  Queen  
  86  19:54  Ravager x3  
  86  19:57  Drone x4  
  93  20:00  Spore Crawler  
  93  20:01  Spore Crawler  
  93  20:02  Spore Crawler  
  89  20:10  Ravager x2  
  88  20:27  Queen  
  89  20:30  Spore Crawler  
  89  20:31  Spore Crawler  
  89  20:32  Spore Crawler  
  84  20:36  Spore Crawler  
  84  20:39  Drone x2, Spore Crawler  
  83  20:59  Corruptor x9  
  83  21:03  Queen  
  92  21:06  Corruptor  
  92  21:13  Corruptor  
  92  21:17  Corruptor  
  92  21:23  Corruptor  
  91  21:26  Corruptor  
  91  21:28  Corruptor x3  
  99  21:48  Spawning Pool  
  97  22:40  Spore Crawler x2  
  97  22:41  Zergling x6  
  97  22:42  Spore Crawler  
  97  22:43  Lair  
  90  23:08  Hatchery  
  90  23:11  Drone x2  
  85  23:40  Overseer x3  
  85  23:41  Spire  
  53  24:54  Corruptor  
  53  24:55  Corruptor x5  
  59  25:00  Corruptor  
  59  25:13  Corruptor  
  56  25:24  Corruptor  
  56  25:28  Drone  
Tags
 
Add a new tag
Caveats
  • Supply blocks, unpowered buildings, or Contaminate may cause inaccurate times.
  • Supply counts are checked every 10 seconds.